 Dungeon Crawl Stone Soup version 0.31-a0-263-ge8cad7f256 (webtiles) character file.

Game seed: 4805464744801461798

7 cforsyth the Changeling (level 2, 0/24 HPs)
             Began as a Meteoran Shapeshifter on July 13, 2023.
             Slain by a hobgoblin (2 damage)
             ... on level 1 of the Dungeon.
             The game lasted 00:00:29 (72 turns).

cforsyth the Changeling (Meteoran Shapeshifter)       Turns: 72, Time: 00:00:30

Health: 0/24       AC:  2    Str: 16    XL:     2   Next: 23%
Magic:  3/3        EV: 12    Int:  9    God:
Gold:   0          SH:  0    Dex: 14    Spells: 1/1 levels left

rFire   . .          .
                       - Unarmed
rCold   . . .        (no shield)
rNeg    . . .        a - +0 animal skin
rPois   .            (helmet currently unavailable)
rElec   .            (cloak currently unavailable)
rCorr   .            (gloves currently unavailable)
SInv    .            (boots currently unavailable)
Will    .....        (no amulet)
Stlth   +            (no ring)
HPRegen 0.24/turn    (no ring)
MPRegen 0.08/turn

%: no passive effects
@: beast-form, glowing
A: beast (slay +2), sense surroundings 1, otherworldly, glowing, explore regen
a: Begin Untransformation


You were on level 1 of the Dungeon.
You were a hulking beast.
You visited 1 branch of the dungeon, and saw 1 of its levels.

Inventory:

Armour
 a - a +0 animal skin (worn)
Talismans
 c - a beast talisman
Scrolls
 d - a scroll of vulnerability {unknown}
 e - a scroll of poison {unknown}
 f - a scroll of enchant armour {unknown}
Potions
 b - a potion of lignification


   Skills:
 - Level 2.1 Fighting
 - Level 2.4 Dodging
 + Level 2.9 Unarmed Combat
 + Level 3.9 Shapeshifting


You had one spell level left.
You didn't know any spells.
Your spell library was empty.

Dungeon Overview and Level Annotations

Branches:
Dungeon (1/15) Zot: 528

Altars:


Innate Abilities, Weirdness & Mutations

You are a hulking beast.
Your limbs bulge with bestial killing power. (Slay +2)
You passively map a small area around you.
You are easily found by Zot.
You glow in the dark.
You regain HP and MP as you explore.


Message History

The bat hits you but does no damage.
The frilled lizard moves out of view.
You barely miss the bat.
The bat is severely wounded.
The bat closely misses you.
A hobgoblin comes into view.
The hobgoblin shouts!
The bat hits you but does no damage.
An endoplasm comes into view.
You barely miss the frilled lizard. The bat misses you.
The frilled lizard closely misses you.
You closely miss the frilled lizard. The bat misses you.
The bat barely misses you. The frilled lizard barely misses you.
You closely miss the hobgoblin. The bat hits you.
The hobgoblin completely misses you. The frilled lizard barely misses you.
You closely miss the hobgoblin. The bat hits you.
The frilled lizard barely misses you. The hobgoblin hits you.
You closely miss the hobgoblin. The frilled lizard bites you.
The hobgoblin hits you.
You hit the bat.
You kill the bat!
The frilled lizard bites you. The hobgoblin hits you.
The hobgoblin hits you but does no damage.
You barely miss the hobgoblin. You punch the hobgoblin!
You kill the hobgoblin!
The frilled lizard bites you. The hobgoblin misses you.
Unknown command.
You hit the endoplasm but do no damage. The frilled lizard closely misses you.
The hobgoblin hits you. The endoplasm hits you.
* * * LOW HITPOINT WARNING * * *
Unknown command.
You hit the endoplasm.
The endoplasm is heavily wounded.
The frilled lizard bites you.
* * * LOW HITPOINT WARNING * * *
The endoplasm freezes you.
You are frozen.
* * * LOW HITPOINT WARNING * * *
The hobgoblin hits you.
You die...

, , , #... , * * #.
#....# * #÷.. ,...
.....+ , ,#<..
#..## #....#####**
##..
##...##........#
,,#..
...............#
,###
...............#,,
, # * *
......g........#
.#* ,
......Jh†......#,,,
*..*
......l##..#####
#.# .......*#...#
#.# , .......
#...### *#.#
....... #.....#
*#.# , .......
#####.### *#.. ,
.######* #...#
.###. ###.## .##..
,,, #..##.##..


You could see an endoplasm, a hobgoblin and a frilled lizard.

Vanquished Creatures
  A bat (D:1)
  A goblin (D:1)
  2 hobgoblins (D:1)
  2 ball pythons (D:1)
6 creatures vanquished.

Notes
Turn   | Place    | Note
-------+----------+-------------------------------------------
     0 | D:1      | cforsyth the Meteoran Shapeshifter began the quest for the
                  | Orb.
     0 | D:1      | Reached XP level 1. HP: 17/17 MP: 2/2
    47 | D:1      | Reached XP level 2. HP: 20/24 MP: 3/3
    72 | D:1      | Slain by a hobgoblin

Illustrated notes

Levels and vault maps discovered:
D:1:      amcnicky_arrival_wind_blow, layout_basic, minmay_misc_feat_chi

Action                     || total
---------------------------++-------
  Melee: Unarmed           ||    23
 Armour: Animal skin       ||     5
  Dodge: Dodged            ||    19

Table legend: (Time is in decaauts)
 A = Elapsed time spent in this place.
 B = Non-inter-level travel time spent in this place.
 C = Inter-level travel time spent in this place.
 D = Time resting spent in this place.
 E = Time spent auto-exploring this place.
 F = Levels seen in this place.
 G = Mean time per level.
                   A        B        C        D        E       F      G
               +--------+--------+--------+--------+--------+-----+--------+
         Total |     70 |     70 |      0 |      0 |      2 |   1 |   70.0 |
       Dungeon |     70 |     70 |      0 |      0 |      2 |   1 |   70.0 |
               +--------+--------+--------+--------+--------+-----+--------+

Top non-repeatable levels by time:
     D:1: 70 daAuts
